 Dungeon Crawl Stone Soup version 0.18.1-48-g4cf74bf (webtiles) character file.

7303 WarriorsX the Cleaver (level 11, -3/85 HPs)
             Began as a Human Fighter on July 31, 2016.
             Shot with an arrow by a centaur (5 damage)
             ... on level 11 of the Dungeon.
             The game lasted 00:35:56 (11543 turns).

WarriorsX the Cleaver (Human Fighter)              Turns: 11543, Time: 00:35:57

Health: -3/85      AC: 18    Str: 20      XL:     11   Next: 34%
Magic:  0/21       EV:  7    Int:  9      God:
Gold:   526        SH:  0    Dex: 11 (12) Spells: 0 memorised, 10 levels left

rFire  . . .     SeeInvis +     o - +0 great sword
rCold  . . .     Gourm    .     J - +0 plate armour
rNeg   . . .     Faith    .     (shield currently unavailable)
rPois  .         Spirit   +     b - +0 helmet
rElec  .         Dismiss  .     (no cloak)
rCorr  .         Reflect  .     q - +2 pair of gloves
SustAt .         Harm     .     (no boots)
MR     .....                    m - amulet of guardian spirit
Stlth  ..........               (no ring)
                                g - ring of magical power

@: about to teleport, very slightly contaminated, not resistant to hostile
enchantments, extremely unstealthy
A: see invisible, deterioration 1, screaming 1, no device heal 1
a: no special abilities


You were on level 11 of the Dungeon.
You were hungry.

You visited 3 branches of the dungeon, and saw 13 of its levels.

You collected 526 gold pieces.

Inventory:

Hand Weapons
 o - a +0 great sword (weapon)
 C - the +2 war axe "Newtbane" {pain, rN++}
   (You found it on level 8 of the Dungeon)

   In the hands of one skilled in necromantic magic, it inflicts extra damage on
   living creatures.
   It greatly protects you from negative energy.
 D - a +2 flail
 F - a +3 long sword
Armour
 b - a +0 helmet (worn)
 c - a +1 shield
 q - a +2 pair of gloves (worn)
 B - a +1 chain mail of fire resistance
 J - a +0 plate armour (worn)
Jewellery
 g - a ring of magical power (left hand)
 m - an amulet of guardian spirit (around neck)
 A - the ring "Wabrour" {Fire Slay+2}
   (You found it on level 6 of the Dungeon)

   [ring of fire]

   It enhances your fire magic, and weakens your ice magic.
   It affects your accuracy and damage with ranged weapons and melee attacks
   (+2).
   It protects you from fire.
   It makes you vulnerable to cold.
Wands
 i - a wand of acid (0/15)
 r - a wand of iceblast (4/15)
 s - a wand of polymorph (19/24)
 u - a wand of iceblast (3/15)
 G - a wand of enslavement (5/24)
 I - a wand of paralysis (8/24)
Scrolls
 a - a scroll of remove curse
 h - 4 scrolls of teleportation
 j - 2 scrolls of enchant armour
 k - 10 scrolls of identify
 v - a scroll of fear
 w - 3 scrolls of noise {unknown}
 z - 3 scrolls of magic mapping
 L - a scroll of enchant weapon {unknown}
 M - a scroll of recharging {unknown}
Potions
 d - a potion of might
 p - a potion of agility
 x - a potion of ambrosia {unknown}
 E - a potion of haste
 H - a potion of curing
 K - 2 potions of brilliance
Miscellaneous
 e - a stone of tremors (inert)
Comestibles
 f - 8 bread rations
 l - a beef jerky
 n - 7 meat rations


   Skills:
 - Level 7.6 Fighting
 - Level 8.1 Long Blades
 * Level 9.6 Axes
 - Level 7.7 Armour
 - Level 3.0 Dodging
 - Level 0.4 Stealth
 - Level 4.6 Shields
 + Level 2.5 Evocations


You had 10 spell levels left.
You didn't know any spells.

Dungeon Overview and Level Annotations

Branches:
Dungeon (11/15)            Temple (1/1) D:4            Lair (1/8) D:8
    Orc: D:9-12

Altars:
Ashenzari
Cheibriados
Dithmenos
Elyvilon
Fedhas
Gozag
Kikubaaqudgha
Makhleb
Nemelex Xobeh
Okawaru
Pakellas
Qazlal
Ru
Sif Muna
Trog
Vehumet
Xom
Yredelemnul
Zin
The Shining One

Shops:
D:8 [(   D:10 *


Innate Abilities, Weirdness & Mutations

You have supernaturally acute eyesight.
Your body sometimes deteriorates upon taking damage.
You occasionally shout uncontrollably at your foes.
Potions and wands are less effective at restoring your health.


Message History

Blink to where?
Press: ? - help, Dir - move target cursor You are very lightly contaminated with residual magic.
As you read the scroll of blinking, it crumbles to dust.
The orc wizard mumbles some strange words.
The orc wizard flickers and vanishes for a moment.
The orc hits you but does no damage.
Read which item? (? for menu, Esc to quit)
As you read the scroll of teleportation, it crumbles to dust.
You feel strangely unstable.
A centaur comes into view.
The centaur shouts!
The centaur wields a shortbow.
The centaur shoots an arrow.
The arrow hits you.
* * * LOW HITPOINT WARNING * * *
A centaur comes into view.
You see here an arrow.
The centaur shouts!
The centaur wields a runed shortbow.
It is covered in frost.
The centaur shoots an arrow.
The arrow hits you.
You die...

'o# #)#... #.##.#
#########.##.#
#...ooo...##.#
#o#######.##.# #o#
#.##.# #.#
#####.##.#######c#
#.###.....oo.g@....cc.
#.##.#.##.##.#######.#
#.oo###...#...## ##o##
##.#.....#
#.g###o###...##
#.#.#o## ##.## #.##o##
#.# #. #.#### #.# #.#
#.# ##+## #.#


You could see 3 centaurs, an orc wizard (invisible), a gnoll and an orc.

Vanquished Creatures
  The ghost of FloraKitsune the Bolt Thrower, an amateur KoAM (D:4)
  Sigmund (D:6)
  2 wyverns (D:11)
  3 hungry ghosts
  3 hippogriffs
  A steam dragon (D:11)
  5 orc warriors
  2 sky beasts
  3 ice beasts
  2 phantoms
  A wolf (D:9)
  An eye of draining (D:9)
  3 ogres
  5 centaurs
  2 big kobolds (D:9)
  8 giant frogs
  A gnoll sergeant (D:9)
  Blork the orc (D:4)
  A wyvern skeleton (D:10)
  5 scorpions
  4 killer bees
  5 wights (D:9)
  11 howler monkeys
  5 crimson imps
  2 giant frog zombies
  A centaur zombie (D:8)
  2 jellies
  A quasit (D:9)
  A centaur skeleton (D:10)
  13 hounds
  2 giant frog skeletons
  A gnoll shaman (D:9)
  4 orc priests
  10 orc wizards
  5 iguanas
  A hell rat (D:6)
  9 worker ants
  A hound skeleton (D:10)
  A worker ant zombie (D:6)
  8 gnolls
  9 adders
  5 river rats (D:6)
  A shadow imp (D:6)
  An adder skeleton (D:5)
  5 worms
  2 dart slugs
  5 giant geckos
  25 orcs
  6 giant cockroaches
  5 goblins
  9 hobgoblins
  18 jackals
  28 kobolds
  4 quokkas
  A ball python (D:6)
  4 bats
  A giant newt (D:5)
  A quokka zombie (D:5)
  31 rats
  A plant (D:9)
300 creatures vanquished.

Vanquished Creatures (others)
  A giant frog (D:11)
1 creature vanquished.

Grand Total: 301 creatures vanquished

Notes
Turn   | Place    | Note
--------------------------------------------------------------
     0 | D:1      | WarriorsX the Human Fighter began the quest for the Orb.
     0 | D:1      | Reached XP level 1. HP: 18/18 MP: 1/1
    90 | D:1      | Reached XP level 2. HP: 23/24 MP: 2/2
   468 | D:1      | Found a snail-covered altar of Cheibriados.
   560 | D:2      | Reached XP level 3. HP: 29/29 MP: 3/3
   653 | D:2      | Found a white marble altar of Elyvilon.
   667 | D:2      | Found a faded altar to an unknown god.
   767 | D:2      | Found a shattered altar of Ashenzari.
  1124 | D:2      | Found a stormy altar of Qazlal.
  1380 | D:3      | Reached XP level 4. HP: 29/35 MP: 4/4
  1528 | D:3      | Reached skill level 1 in Dodging
  2050 | D:3      | Reached XP level 5. HP: 29/41 MP: 5/5
  2329 | D:2      | Reached XP level 6. HP: 13/47 MP: 6/6
  2679 | D:4      | Noticed FloraKitsune's ghost (amateur KoAM)
  2747 | D:4      | Noticed an ogre
  2764 | D:4      | Killed an ogre
  2777 | D:4      | Reached XP level 7. HP: 41/54 MP: 7/7
  2827 | D:4      | Found a staircase to the Ecumenical Temple.
  2836 | Temple   | Entered the Ecumenical Temple
  3026 | D:4      | Killed FloraKitsune's ghost
  3348 | D:4      | Noticed Blork the orc
  3353 | D:4      | Killed Blork the orc
  3585 | D:4      | Reached XP level 8. HP: 58/61 MP: 8/8
  3692 | D:5      | Entered Level 5 of the Dungeon
  3812 | D:5      | Reached skill level 5 in Armour
  4099 | D:5      | Reached skill level 5 in Fighting
  4353 | D:5      | Reached skill level 5 in Long Blades
  4502 | D:6      | Got an ancient golden ring
  4503 | D:6      | Identified the ring "Wabrour" {Fire Slay+2} (You found it on level 6 of the Dungeon)
  4706 | D:6      | Reached XP level 9. HP: 65/69 MP: 9/9
  4709 | D:6      | Found a glowing golden altar of the Shining One.
  4874 | D:6      | Noticed Sigmund
  4897 | D:6      | Killed Sigmund
  6114 | D:7      | Gained mutation: You occasionally shout uncontrollably at your foes. [mutagenic meat]
  6115 | D:7      | Gained mutation: Potions and wands are less effective at restoring your health. [mutagenic meat]
  6116 | D:7      | Gained mutation: You have supernaturally acute eyesight. [mutagenic meat]
  6323 | D:7      | Gained mutation: Your body sometimes deteriorates upon taking damage. [mutagenic meat]
  6572 | D:8      | Found Ovvaxit's Antique Armour Boutique.
  6585 | D:8      | Reached XP level 10. HP: 70/79 MP: 10/10
  6855 | D:8      | Found Ginublabiw's Weapon Boutique.
  6872 | D:8      | Got a scorched war axe
  6982 | D:8      | Identified the cursed +2 war axe "Newtbane" {pain, rN++} (You found it on level 8 of the Dungeon)
  7028 | D:8      | Found a staircase to the Lair.
  7047 | D:8      | Reached skill level 1 in Axes
  7113 | D:8      | Found a sparkling altar of Nemelex Xobeh.
  7129 | D:8      | Reached skill level 2 in Axes
  7131 | D:8      | Reached skill level 1 in Evocations
  7144 | D:8      | Reached skill level 3 in Axes
  7647 | D:9      | Identified the Grimoire of Boosting Transmutation
  7683 | D:9      | Reached skill level 4 in Axes
  7743 | Lair:1   | Entered Level 1 of the Lair of Beasts
  8185 | D:9      | Reached skill level 5 in Axes
  8667 | D:9      | Reached skill level 6 in Axes
  9690 | D:9      | Reached skill level 7 in Axes
  9716 | D:9      | Paralysed by fainting for 6 turns
  9724 | D:9      | Paralysed by fainting for 10 turns
  9749 | D:9      | Paralysed by fainting for 6 turns
  9770 | D:9      | Paralysed by fainting for 10 turns
  9789 | D:9      | Reached XP level 11. HP: 84/85 MP: 12/12
  9834 | D:10     | Entered Level 10 of the Dungeon
 10463 | D:9      | Reached skill level 8 in Axes
 10790 | D:10     | Found Zotunkitz's General Store.
 11136 | D:11     | Reached skill level 9 in Axes
 11537 | D:11     | HP: 2/85 [orc warrior/glaive (7)]
 11542 | D:11     | HP: 2/85 [centaur/arrow (1)]
 11543 | D:11     | Shot with an arrow by a centaur

Skill      XL: |  1  2  3  4  5  6  7  8  9 10 11 |
---------------+----------------------------------+-----
Dodging        | 1 2 3 |  3.0
Long Blades    | 3 4 5 7 8 |  8.1
Shields        | 4 |  4.6
Fighting       | 4 5 7 |  7.6
Armour         | 4 5 7 |  7.7
Axes           | 7 9 |  9.6
Evocations     | 1 2 |  2.5
Stealth        | |  0.4

Action                   |  1- 3 |  4- 6 |  7- 9 | 10-12 || total
-------------------------+-------+-------+-------+-------++-------
Melee: Long sword        |    94 |   153 |    12 |       ||   259
       Great sword       |       |       |   390 |   694 ||  1084
Evoke: Wand              |       |       |     4 |     2 ||     6
       Stone of tremors  |       |       |       |     1 ||     1
  Use: Scroll            |       |     7 |     3 |     6 ||    16
       Potion            |       |     6 |     1 |     9 ||    16
  Eat: Chunk             |     1 |     5 |    17 |    17 ||    40
       Fruit             |       |       |     1 |     4 ||     5
       Beef jerky        |       |       |     1 |     1 ||     2
       Pizza             |       |       |       |     3 ||     3
Armor: Scale mail        |    48 |    52 |    96 |       ||   196
       Chain mail        |       |       |    97 |   605 ||   702
       Plate armour      |       |       |       |    66 ||    66
Dodge: Dodged            |    27 |    38 |   247 |   454 ||   766
Block: Shield            |    62 |    59 |     4 |       ||   125
